Map: Cyber Forest LE

Players

Namshar - Winner!

  • Race: Zerg Zerg
  • Spawn Location: 11:00

Probe

  • Race: Protoss Protoss
  • Spawn Location: 5:00

Event: 2019 WCS Spring

VOD

Have the link to the VOD?

Description

Time

  • Played on: May 18, 2019, 9:53 a.m.
  • Length: 8:38

All games in this series

Show
View Real Time Build Order
Export as new Build Order

Namshar Zerg - Winner!

Build Orders: Hatch First 

Get SALT Encoding   

  12  0:00  Drone  
  13  0:12  Overlord  
  13  0:16  Drone  
  14  0:30  Drone x2  
  16  0:47  Hatchery  
  15  0:51  Drone  
  15  0:54  Drone  
  17  1:01  Drone  
  18  1:13  Spawning Pool  
  17  1:20  Extractor  
  17  1:26  Hatchery  
  17  1:28  Drone x2  
  17  1:31  Drone  
  19  2:03  Zergling x2, Spine Crawler x2  
  19  2:04  Zergling x2, Spine Crawler  
  19  2:05  Spine Crawler  
  19  2:06  Spine Crawler  
  16  2:15  Spine Crawler  
  15  2:27  Drone x2  
  15  2:29  Drone  
  18  2:39  Spine Crawler  
  15  2:49  Queen  
  17  2:58  Zergling x4  
  19  3:11  Drone  
  19  3:12  Drone  
  21  3:28  Overlord  
  21  3:44  Hatchery  
  20  3:51  Drone  
  20  3:54  Metabolic Boost  
  21  4:04  Drone x2  
  23  4:10  Queen  
  25  4:20  Zergling x2  
  25  4:21  Zergling x2  
  27  4:35  Overlord  
  27  4:46  Overlord  
  27  4:49  Drone  
  27  4:57  Drone x2  
  29  5:04  Drone  
  29  5:06  Drone  
  31  5:07  Roach Warren  
  31  5:13  Drone  
  32  5:14  Drone x2  
  33  5:36  Drone x6  
  33  5:37  Drone  
  33  5:41  Queen  
  41  5:44  Overlord  
  41  5:49  Extractor  
  40  5:54  Overlord  
  40  5:55  Roach x2  
  44  5:57  Roach  
  44  6:00  Roach  
  44  6:03  Roach  
  50  6:08  Overlord  
  50  6:12  Roach  
  50  6:16  Ravager  
  50  6:17  Ravager  
  54  6:23  Ravager  
  54  6:24  Zergling x10  
  60  6:37  Zergling x6, Ravager  
  61  6:49  Roach x2, Zergling x2  
  61  6:50  Zergling x6  
  67  6:57  Overlord  
  67  7:00  Ravager  
  68  7:04  Extractor  
  68  7:06  Zergling x2  
  68  7:13  Overlord  
  68  7:14  Overlord  
  68  7:15  Queen  
  69  7:40  Roach x2  
  69  7:41  Roach x4  
  69  7:42  Ravager  
  69  7:43  Roach, Zergling x2  
  84  7:46  Overlord x2  
  82  8:00  Roach  
  83  8:09  Ravager  
  83  8:10  Ravager  
  83  8:12  Zergling x16  
  89  8:20  Zergling x2  
Show
View Real Time Build Order
Export as new Build Order

Probe Protoss 

Build Orders:  

Get SALT Encoding   

  12  0:00  Probe  
  13  0:12  Probe  
  14  0:18  Pylon  
  14  0:24  Probe  
  15  0:37  Forge  
  15  0:38  Probe  
  16  0:46  Probe  
  17  0:58  Pylon  
  17  1:02  Pylon  
  17  1:04  Pylon  
  17  1:16  Photon Cannon  
  17  1:18  Gateway, Probe  
  18  1:26  Probe  
  18  1:31  Assimilator  
  19  1:35  Probe  
  20  1:42  Pylon  
  20  1:50  Probe  
  21  1:57  Assimilator  
  21  2:01  Photon Cannon  
  21  2:07  Photon Cannon  
  21  2:11  Photon Cannon  
  21  2:21  Zealot, Photon Cannon  
  21  2:24  Probe  
  24  2:40  Photon Cannon  
  24  2:54  Cybernetics Core  
  24  2:59  Probe  
  25  3:11  Probe  
  26  3:22  Photon Cannon  
  26  3:24  Probe  
  25  3:27  Pylon  
  25  3:31  Warp Gate, Photon Cannon  
  25  3:41  Robotics Facility  
  25  3:46  Gateway  
  25  3:47  Gateway  
  25  3:49  Pylon  
  25  4:00  Gateway  
  25  4:14  Pylon  
  24  4:20  Photon Cannon  
  24  4:21  Immortal  
  28  4:46  Gateway  
  28  4:56  Warp Prism  
  30  5:07  Pylon  
  30  5:19  Sentry  
  30  5:20  Sentry  
  34  5:22  Zealot  
  34  5:26  Pylon, Observer  
  37  5:39  Phoenix  
  35  5:49  Sentry x4  
  43  6:03  Pylon  
  43  6:37  Stalker x4  
  47  7:00  Stalker x2  
  47  7:01  Stalker  
  53  7:02  Stalker  
  55  7:41  Stalker  
  55  7:42  Stalker x3  
  63  7:47  Pylon, Observer  
  63  7:48  Pylon  
  59  8:06  Zealot x2  
  59  8:07  Zealot x2  
  43  8:34  Stalker x4  
Tags
 
Add a new tag
Caveats
  • Supply blocks, unpowered buildings, or Contaminate may cause inaccurate times.
  • Supply counts are checked every 10 seconds.